 Dungeon Crawl Stone Soup version 0.25-a0-734-g73332aeda9 (webtiles) character file.

Game seed: 1197549955804885594, levelgen mode: deterministic

316 Lugonue the Stinger (level 6, -5/33 HPs)
             Began as a Tengu Venom Mage on Apr 10, 2020.
             Killed by nerve-wracking pain
             ... invoked by Jessica
              (14 damage)
             ... on level 3 of the Dungeon.
             The game lasted 00:06:34 (2785 turns).

Lugonue the Stinger (Tengu Venom Mage)              Turns: 2785, Time: 00:06:34

Health: -5/33      AC:  3    Str: 10    XL:     6   Next: 44%
Magic:  2/11       EV: 13    Int: 16    God:
Gold:   128        SH:  0    Dex: 14    Spells: 8/11 levels left

rFire    . . .     SeeInvis .   e - +0 short sword
rCold    . . .     Gourm    .   (no shield)
rNeg     . . .     Faith    .   i - +0 leather armour
rPois    .         Spirit   .   (helmet restricted)
rElec    .         Reflect  .   (no cloak)
rCorr    .         Harm     .   (no gloves)
MR       .....                  (boots unavailable)
Stlth    ++........             (no amulet)
HPRegen  0.11/turn              (no ring)
MPRegen  0.12/turn              (no ring)

@: very slightly contaminated
A: beak, talons 3, able to fly
a: Fly


You were on level 3 of the Dungeon.
You were hungry.

You visited 1 branch of the dungeon, and saw 3 of its levels.

You collected 128 gold pieces.

Inventory:

Hand Weapons
 e - a +0 short sword (weapon)
Armour
 i - a +0 leather armour (worn)
Scrolls
 b - a scroll of blinking {unknown}
 d - a scroll of enchant armour {unknown}
 f - a scroll of identify
 h - a scroll of immolation {unknown}
Potions
 g - a potion of flight
Comestibles
 a - 3 chunks of flesh
 c - 3 rations


   Skills:
 + Level 0.7 Fighting
 + Level 1.3 Short Blades
 * Level 2.0 Armour
 + Level 3.2 Dodging
 + Level 2.7 Stealth
 + Level 3.1 Spellcasting
 + Level 2.4 Transmutations
 + Level 3.8 Poison Magic


You had 8 spell levels left.
You knew the following spells:

 Your Spells              Type           Power        Failure   Level  Hunger
a - Sting                 Tmut/Pois      ##..         7%          1    None
b - Poisonous Vapours     Pois/Air       #.....       17%         2    ##.....

Your spell library contained the following spells:

 Spells                   Type           Power        Failure   Level  Hunger
 Ignite Poison            Fire/Tmut/Pois #.......     30%         3    ###....
 Mephitic Cloud           Conj/Pois/Air  #.......     41%         3    ###....
 Olgreb's Toxic Radiance  Pois           ##......     45%         4    ####...


Dungeon Overview and Level Annotations

Branches:
Dungeon (3/15)

Altars:
Dithmenos
Vehumet

Annotations:
D:3 Jessica


Innate Abilities, Weirdness & Mutations

You have a beak for a mouth.
You have claws for feet.
You can fly continuously.


Message History

Confirm with . or Enter, or press ? or * to list all spells.
Aiming: Poisonous Vapours (safe; 17% risk of failure)
Press: ? - help, Dir - move target cursor, f - Jessica
Aim: Jessica, wielding a +1 dagger of venom and wearing a +0 robe Poisonous vapours surround Jessica!
Jessica is engulfed in poison gas.
Jessica is poisoned.
Jessica points at you and mumbles some strange words.
Pain shoots through your body!
* * * LOW HITPOINT WARNING * * *
Casting: Poisonous Vapours (safe; 17% risk of failure)
Confirm with . or Enter, or press ? or * to list all spells.
Aiming: Poisonous Vapours (safe; 17% risk of failure)
Press: ? - help, Dir - move target cursor, f/p - Jessica
Aim: Jessica, wielding a +1 dagger of venom and wearing a +0 robe (severely wounded, poisoned)
You miscast Poisonous Vapours.
You are very lightly contaminated with residual magic.
Your vision is briefly tinged with green.
Jessica gestures at you while chanting. Pain shoots through your body!
You die...

#(#.#..#.P#.8
########
#.#....#..#PS
#.###..#P...
####
#.....##P.#
#..#
#######.##...#
##.#
#.......##8P.#
#.#
#.#####......#
#.# #.(...@#
#.# #.##8P@#
#.# #.##.P.#
#.# ..###..#
#.########
#.## #..'.
#......... #r
#..#.P
########## #.
#..#..8
#...... ##.#
.. #.##### #.#
### #.#####
### #......


You could see Jessica.

Vanquished Creatures
  Grinder (D:3)
  An orc priest (D:3)
  A river rat (D:3)
  2 adders (D:3)
  An ooze (D:2)
  A worm (D:3)
  A dart slug (D:1)
  3 leopard geckos
  3 orcs (D:3)
  5 bats
  3 giant cockroaches
  3 goblins
  5 hobgoblins
  3 jackals
  A quokka (D:3)
  2 frilled lizards (D:1)
  2 kobolds
  8 rats
46 creatures vanquished.

Notes
Turn   | Place    | Note
-------+----------+-------------------------------------------
     0 | D:1      | Lugonue the Tengu Venom Mage began the quest for the Orb.
     0 | D:1      | Reached XP level 1. HP: 10/10 MP: 4/4
   372 | D:1      | Reached XP level 2. HP: 12/15 MP: 4/6
   752 | D:1      | Reached skill level 1 in Transmutations
  1406 | D:2      | Reached XP level 3. HP: 19/19 MP: 7/7
  1979 | D:3      | Found a shadowy altar of Dithmenos.
  2050 | D:3      | Learned a level 2 spell: Poisonous Vapours
  2066 | D:3      | Found a radiant altar of Vehumet.
  2075 | D:3      | Reached XP level 4. HP: 14/24 MP: 4/8
  2379 | D:3      | Noticed Grinder
  2379 | D:3      | Noticed Jessica
  2544 | D:3      | Paralysed by Grinder for 6 turns
  2569 | D:3      | Killed Grinder
  2569 | D:3      | Reached skill level 1 in Short Blades
  2569 | D:3      | Reached skill level 1 in Armour
  2569 | D:3      | Gained mutation: You can fly continuously. [Tengu growth]
  2569 | D:3      | Reached XP level 5. HP: 28/28 MP: 1/10
  2569 | D:3      | Reached XP level 6. HP: 33/33 MP: 1/11
  2785 | D:3      | Killed from afar by Jessica

Levels and vault maps discovered:
D:1:      dpeg_arrival_shrine, layout_loops_corners
D:2:      layout_loops_ring, corexii_shack
D:3:      layout_basic, lemuel_round_altar, marbit_many_paths,
          gup_sewer_entry_bowl, chequers_ecumenical_altar_lobes, uniq_jessica,
          uniq_grinder

Skill      XL: |  1  2  3  4  5  6 |
---------------+-------------------+-----
Transmutations | 1 2 |  2.4
Short Blades   | 1 |  1.3
Armour         | 1 2 |  2.0
Dodging        | 3 |  3.2
Spellcasting   | 3 |  3.1
Fighting       | |  0.7
Stealth        | |  2.7
Poison Magic   | |  3.8

Action                   |  1- 3 |  4- 6 || total
-------------------------+-------+-------++-------
Melee: Unarmed           |     8 |       ||     8
       Kick              |    26 |     1 ||    27
       Dagger            |    46 |       ||    46
       Peck              |     6 |     7 ||    13
       Short sword       |     5 |    28 ||    33
 Cast: Sting             |    33 |    17 ||    50
       Poisonous Vapours |     1 |     3 ||     4
  Use: Scroll            |     4 |       ||     4
       Potion            |       |     1 ||     1
 Stab: Distracted        |     1 |       ||     1
       Sleeping          |     1 |       ||     1
  Eat: Chunk             |     3 |     3 ||     6
Armor: Robe              |    19 |       ||    19
       Skin              |       |     6 ||     6
       Leather armour    |       |     1 ||     1
Dodge: Dodged            |    57 |    31 ||    88

Table legend:
 A = Non-vault XP
 B = Vault XP
 C = Vault XP percentage of total XP
 D = Non-vault monster count
 E = Vault monster count
 F = Vault count percentage of total count
                 A         B        C        D         E       F
            +---------+---------+-------+---------+---------+-------
      Total |     138 |     314 |  69.5 |      42 |       4 |   8.7
            +---------+---------+-------+---------+---------+-------
        D:1 |      33 |       0 |   0.0 |      20 |       0 |   0.0
        D:2 |      27 |       0 |   0.0 |      11 |       0 |   0.0
        D:3 |      78 |     314 |  80.1 |      11 |       4 |  26.7
            +---------+---------+-------+---------+---------+-------
